 Dungeon Crawl Stone Soup version 0.25-a0-166-g16436c4407 (webtiles) character file.

Game seed: 5294965421001288803, levelgen mode: deterministic

23 Arixos the Skirmisher (level 2, -3/24 HPs)
             Began as a Demonspawn Monk on Nov 24, 2019.
             Slain by a hobgoblin (4 damage)
             ... on level 1 of the Dungeon.
             The game lasted 00:02:25 (647 turns).

Arixos the Skirmisher (Demonspawn Monk)              Turns: 647, Time: 00:02:26

Health: -3/24      AC:  2    Str: 11    XL:     2   Next: 75%
Magic:  2/2        EV: 13    Int: 11    God:
Gold:   38         SH:  0    Dex: 15    Spells: 1/1 levels left

rFire    . . .     SeeInvis .   f - +0 dagger
rCold    . . .     Gourm    .   (no shield)
rNeg     . . .     Faith    .   a - +0 robe
rPois    .         Spirit   .   (helmet restricted)
rElec    .         Reflect  .   (no cloak)
rCorr    .         Harm     .   (no gloves)
MR       .....                  (no boots)
Stlth    ++........             (no amulet)
HPRegen  0.08/turn              (no ring)
MPRegen  0.08/turn              (no ring)

@: no status effects
A: antennae 1
a: no special abilities


You were on level 1 of the Dungeon.
You were not hungry.

You visited 1 branch of the dungeon, and saw 1 of its levels.

You collected 38 gold pieces.

Inventory:

Hand Weapons
 f - a +0 dagger (weapon)
Armour
 a - a +0 robe (worn)
Scrolls
 d - a scroll of immolation {unknown}
Potions
 e - a potion of agility {unknown}
Comestibles
 b - a ration
 c - 4 chunks of flesh


   Skills:
 + Level 3.3 Fighting
 + Level 1.1 Armour
 + Level 3.0 Dodging
 - Level 1.7 Stealth
 - Level 2.6 Unarmed Combat


You had one spell level left.
You didn't know any spells.
Your spell library was empty.

Dungeon Overview and Level Annotations

Branches:
Dungeon (1/15)

Altars:


Innate Abilities, Weirdness & Mutations

You have a pair of small antennae on your head.


Message History

The leopard gecko hisses menacingly.
The leopard gecko closely misses you.
You closely miss the leopard gecko.
The leopard gecko is almost dead.
The leopard gecko closely misses you. The leopard gecko bites you.
* * * LOW HITPOINT WARNING * * *
You hit the leopard gecko but do no damage.
The leopard gecko is almost dead.
The leopard gecko bites you.
* * * LOW HITPOINT WARNING * * *
You hit the leopard gecko.
You kill the leopard gecko!
You hit the hobgoblin but do no damage. The hobgoblin closely misses you.
You hit the hobgoblin.
The hobgoblin is moderately wounded.
The hobgoblin completely misses you.
You hit the hobgoblin.
The hobgoblin is heavily wounded.
The hobgoblin hits you.
You die...

.. #. #.# ... #.K #.. #..
#.# #..###### #.#
#...Kg@.# #.#
#...###.######### #.#
#...# #.........# ##.#
####.$.###.#######.####...
#........÷..#...##.##.....
#.....................#...
#.........†.#............#
####...###.....###.#######
#...# #.##### #.#


You could see a hobgoblin and a kobold.

Vanquished Creatures
  A dart slug (D:1)
  A leopard gecko (D:1)
  3 bats (D:1)
  A giant cockroach (D:1)
  2 goblins (D:1)
  A hobgoblin (D:1)
  4 jackals (D:1)
  2 kobolds (D:1)
  4 rats (D:1)
19 creatures vanquished.

Notes
Turn   | Place    | Note
-------+----------+-------------------------------------------
     0 | D:1      | Arixos the Demonspawn Monk began the quest for the Orb.
     0 | D:1      | Reached XP level 1. HP: 18/18 MP: 1/1
   215 | D:1      | Gained mutation: You have a pair of small antennae on your
                  | head. [demonic ancestry]
   215 | D:1      | Reached XP level 2. HP: 18/24 MP: 2/2
   493 | D:1      | Reached skill level 1 in Armour
   643 | D:1      | HP: 1/24 [leopard gecko (5)]
   647 | D:1      | Slain by a hobgoblin

Levels and vault maps discovered:
D:1:      dpeg_arrival_another_circle, layout_loops_ring,
          minmay_misc_feat_roman, minmay_misc_feat_alley

Skill      XL: |  1  2 |
---------------+-------+-----
Armour         | 1 |  1.1
Dodging        | 3 |  3.0
Fighting       | |  3.3
Stealth        | |  1.7
Unarmed Combat | |  2.6

Action                   || total
-------------------------++-------
Melee: Unarmed           ||    50
       Dagger            ||    42
 Stab: Sleeping          ||     4
Armor: Robe              ||    16
Dodge: Dodged            ||    65

Table legend:
 A = Non-vault XP
 B = Vault XP
 C = Vault XP percentage of total XP
 D = Non-vault monster count
 E = Vault monster count
 F = Vault count percentage of total count
                 A         B        C        D         E       F
            +---------+---------+-------+---------+---------+-------
      Total |      34 |       0 |   0.0 |      19 |       0 |   0.0
            +---------+---------+-------+---------+---------+-------
        D:1 |      34 |       0 |   0.0 |      19 |       0 |   0.0
            +---------+---------+-------+---------+---------+-------
